AoeStats
← Topi-Petteri

Arabia

506676648Analyzed
1v1 RM · 18d ago on Sep 14, 2026· 36m 24s· 2 players
Game mode
Random Map
Map size
Tiny (2 player)
Population
200
Speed
Normal
Resources
Standard
Victory
Conquest
Starting age
Dark Age
Ending age
Imperial Age
RankedLock teamsTeams togetherTeam positionsShared explorationLock speedFull tech treeHidden civsTurbo modeCheats
Victory
Defeat
🇦🇷 Teutons · Argentina
768
+15
🇫🇮 Poles · Finland
737
-15
Topi-Petteri
10:08 Feudal Age
11:01 Loom
11:18 Man-at-Arms
18:03 Wheelbarrow
22:13 Castle Age
22:17 Scale Mail Armor
23:52 Double-Bit Axe
24:49 Chain Mail Armor
28:20 Light Cavalry
29:10 Bloodlines
29:49 Hand Cart
29:50 Horse Collar
30:31 Scale Barding Armor
Goymallen Triple Blanco
0:35 Loom
10:57 Feudal Age
11:54 Double-Bit Axe
14:01 Stone Mining
18:31 Horse Collar
20:34 Wheelbarrow
21:15 Gold Mining
24:23 Castle Age
23:12 Forging
23:02 Scale Mail Armor
26:11 Iron Casting
25:43 Squires
26:21 Stone Shaft Mining
28:05 Scale Mail Armor
29:49 Wheelbarrow
30:55 Bow Saw
31:33 Chain Mail Armor
32:42 Hand Cart
38:26 Imperial Age
Connection lost

Rejoining the realm…

Still unreachable

The connection could not be restored.

Session expired

The server has moved on; the page needs a fresh start.